 Dungeon Crawl Stone Soup version 0.28.0-53-g5a82cb258f (webtiles) character file.

Game seed: 8590549268503887254

6435 DocClef the Magician (level 10, 0/76 HPs)
             Began as a Gnoll Fire Elementalist on July 15, 2022.
             Was an Initiate of Gozag.
             Succumbed to a hornet's poison
             ... on level 10 of the Dungeon.
             The game lasted 00:22:44 (15501 turns).

DocClef the Magician (Gnoll Fire Elementalist)     Turns: 15501, Time: 00:22:45

Health: 0/76       AC: 12    Str:  8    XL:     10   Next: 99%
Magic:  9/21       EV: 15    Int: 18    God:    Gozag
Gold:   1464       SH:  0    Dex: 13    Spells: 8/24 levels left

rFire   . . .      SeeInvis .   y - +2 glaive (flame)
rCold   . . .      Faith    .   (shield currently unavailable)
rNeg    + . .      Spirit   .   z - +0 steam dragon scales
rPois   .          Reflect  .   k - +0 helmet
rElec   .          Harm     .   C - +0 cloak
rCorr   .          Rampage  .   (no gloves)
Will    .....                   b - +2 pair of boots
Stlth   +++.......              (no amulet)
HPRegen 0.22/turn               a - ring of positive energy
MPRegen 0.17/turn               (no ring)

@: lethally poisoned (0 -> -5), gold aura, slowed, very slow
A: fangs 1, strong nose, distributed training
a: Renounce Religion, Potion Petition, Call Merchant, Bribe Branch


You were on level 10 of the Dungeon.
You worshipped Gozag.
Gozag was most pleased with you.
You visited 1 branch of the dungeon, and saw 10 of its levels.
You also visited: Sewer.

You collected 1546 gold pieces.
You paid 82 gold pieces to Gozag.

Inventory:

Hand Weapons
 e - a +1 short sword
 y - a +2 glaive of flaming (weapon)
Missiles
 i - 6 javelins
 l - 10 poisoned darts
 p - a throwing net
Armour
 b - a +2 pair of boots (worn)
 k - a +0 helmet (worn)
 z - +0 steam dragon scales (worn)
 C - a +0 cloak (worn)
Jewellery
 a - a ring of positive energy (left hand)
 t - an amulet of guardian spirit
 D - a ring of flight
 G - a ring of fire
Wands
 f - a wand of mindburst (8)
 g - a wand of polymorph (29)
 q - a wand of acid (9)
 w - a wand of iceblast (15)
 B - a wand of flame (47)
 F - a wand of paralysis (4)
Scrolls
 c - 10 scrolls of identify
 h - a scroll of vulnerability {unknown}
 m - 3 scrolls of teleportation
 n - a scroll of brand weapon {unknown}
 o - a scroll of immolation
 u - 5 scrolls of enchant armour
 v - 2 scrolls of enchant weapon
 x - a scroll of fear
 E - a scroll of magic mapping
Potions
 d - 7 potions of curing
 j - 2 potions of berserk rage
 r - a potion of heal wounds
 s - a potion of mutation
 A - 3 potions of might


   Skills:
 + Level 5.8 Fighting
 + Level 5.8 Short Blades
 + Level 5.8 Long Blades
 + Level 5.8 Axes
 + Level 5.8 Maces & Flails
 + Level 5.8 Polearms
 + Level 5.8 Staves
 + Level 5.8 Slings
 + Level 5.8 Bows
 + Level 5.8 Crossbows
 + Level 5.8 Throwing
 + Level 5.8 Armour
 + Level 7.4 Dodging
 + Level 7.2 Stealth
 + Level 5.8 Shields
 + Level 5.8 Unarmed Combat
 + Level 7.7 Spellcasting
 + Level 5.3 Conjurations
 + Level 4.8 Hexes
 + Level 4.8 Summonings
 + Level 4.8 Necromancy
 + Level 4.8 Translocations
 + Level 4.8 Transmutations
 + Level 7.3 Fire Magic
 + Level 4.8 Ice Magic
 + Level 4.8 Air Magic
 + Level 4.8 Earth Magic
 + Level 4.8 Poison Magic
 + Level 6.3 Invocations
 + Level 5.8 Evocations


You had 8 spell levels left.
You knew the following spells:

 Your Spells              Type           Power      Damage    Failure   Level
a - Foxfire               Conj/Fire      100%       2x1d9     1%          1
b - Scorch                Fire           66%        2d8       1%          2
c - Conjure Flame         Conj/Fire      29%        6-21      2%          3
d - Inner Flame           Hex/Fire       28%        N/A       2%          3
e - Tukima's Dance        Hex            24%        N/A       4%          3
f - Sticky Flame          Conj/Fire      29%        2d5       8%          4

Your spell library contained the following spells:

 Spells                   Type           Power      Damage    Failure   Level
 Static Discharge         Conj/Air       25%        N/A       1%          2
 Ensorcelled Hibernation  Hex/Ice        48%        N/A       2%          2
 Passwall                 Tmut/Erth      20%        N/A       2%          2
 Ignite Poison            Fire/Tmut/Pois 27%        N/A       3%          3
 Swiftness                Air            24%        N/A       4%          3
 Flame Wave               Conj/Fire      29%        2d8       8%          4
 Passage of Golubria      Tloc           24%        N/A       14%         4
 Lightning Bolt           Conj/Air       12%        1d26      34%         5
 Manifold Assault         Tloc           24%        N/A       36%         5
 Summon Forest            Summ/Tloc      12%        N/A       36%         5
 Yara's Violent Unravell  Hex/Tmut       12%        3d7       36%         5
 Dispersal                Tloc           12%        N/A       91%         6
 Eringya's Noxious Bog    Tmut/Pois      12%        N/A       91%         6
 Summon Hydra             Summ           12%        N/A       100%        7
 Maxwell's Capacitive Co  Air            12%        ∞         100%        8


Dungeon Overview and Level Annotations

Branches:
Dungeon (10/15)            Temple (0/1) D:4             Orc (0/2) D:9
  Sewer (visited)
   Lair: D:8-11

Altars:
Ashenzari
Dithmenos
Elyvilon
Gozag
Kikubaaqudgha
Okawaru
Yredelemnul
The Shining One

Shops:
D:4 (   D:8 *


Innate Abilities, Weirdness & Mutations

You have very sharp teeth.
Your uncanny sense of smell can sniff out nearby items.
Your experience applies equally to all skills.


Message History

The foxfire hits the hornet.
Flame seeps out of the hornet.
The hornet is moderately wounded.
The hornet is engulfed in blazing flames.
Flame seeps out of the hornet.
You closely miss the hornet.
The hornet is heavily wounded.
The foxfire hits the hornet but does no damage.
The hornet is heavily wounded.
The foxfire hits the hornet.
Flame seeps out of the hornet.
The hornet is heavily wounded.
The hornet stings you but does no damage.
The hornet stings you!
You suddenly lose the ability to move!
The hornet stings you!
You feel yourself slow down. The hornet stings you.
You feel as though you will be slow longer.
The hornet stings you.
You are poisoned.
You feel as though you will be slow longer.
You can move again.
You conjure some foxfire!
You feel very sick. The hornet barely misses you.
The hornet closely misses you.
You conjure some foxfire!
You feel sick.
The foxfire hits the hornet but does no damage.
The hornet is heavily wounded.
The foxfire hits the hornet.
Flame seeps out of the hornet.
The hornet is severely wounded.
The hornet is engulfed in blazing flames.
Flame seeps out of the hornet.
The hornet barely misses you.
A howler monkey zombie comes into view.
The hornet is engulfed in blazing flames.
The hornet explodes!
The fiery explosion engulfs you!!
The fiery explosion engulfs your foxfire.
Your foxfire completely resists.
Your foxfire dissipates!
You are engulfed in blazing flames.
* * * LOW HITPOINT WARNING * * *
You die...
Your body crumbles into a pile of gold.

#.$.._...
##.#.....# #
.Z.........#
....#.⌠.⌠.#.
........$°. #
...#...$.#.#
...$.§§§v..#
#..#°§# #
#.##@##.#
#######.......#
..............#
##..#..##.##.#
#........# .#
#.#...#### #
#...#.#####.#
###
#...........#
..#
###.#########


You could see a howler monkey zombie (ally target).

Vanquished Creatures
  A two-headed ogre (D:10)
  Pikel (D:6)
  Maggie (D:6)
  The ghost of Scuddy the Chopper, an amateur DsFi (D:5)
  Prince Ribbit (D:6)
  2 hornets
  Sigmund (D:4)
  A wyvern (D:8)
  A vampire (D:10)
  A steam dragon (D:7)
  3 water moccasins
  An acid dragon (D:8)
  A hornet zombie (D:6)
  Duvessa (D:4)
  4 orc warriors
  3 centaurs
  A lemure (D:6)
  A phantom (D:4)
  A kobold brigand (D:6)
  3 bullfrogs
  A wyvern zombie (D:8)
  2 scorpions
  Dowan (D:4)
  12 killer bees
  3 wights (D:7)
  4 howler monkeys
  An electric eel (D:9)
  3 centaur zombies
  A bullfrog zombie (D:5)
  3 hounds
  2 jellies
  2 gnoll shamans (D:8)
  2 orc priests
  Crazy Yiuf (D:5)
  2 centaur skeletons
  3 iguanas
  2 scorpion zombies (D:5)
  5 orc wizards
  Natasha (thrice) (D:2)
  2 killer bee zombies
  7 gnolls (D:8)
  5 adders
  A howler monkey skeleton (D:6)
  2 shadow imps
  A white imp (D:6)
  An ufetubus (D:7)
  2 adder skeletons
  2 worms
  6 dart slugs
  28 orcs
  11 ball pythons
  4 endoplasms
  4 giant cockroaches
  8 goblins
  4 hobgoblins
  8 jackals
  8 kobolds
  A quokka (D:3)
  12 bats
  5 frilled lizards
  A goblin skeleton (D:8)
  2 goblin zombies (D:8)
  A hobgoblin zombie (D:8)
  4 kobold skeletons (D:8)
  A kobold zombie (D:8)
  3 orc skeletons (D:8)
  2 orc zombies (D:8)
  10 rats
229 creatures vanquished.

Vanquished Creatures (collateral kills)
  9 foxfires (D:4)
9 creatures vanquished.

Vanquished Creatures (others)
  1111 foxfires
  4 fungi (D:5)
1115 creatures vanquished.

Grand Total: 1353 creatures vanquished

Notes
Turn   | Place    | Note
-------+----------+-------------------------------------------
     0 | D:1      | DocClef the Gnoll Fire Elementalist began the quest for the
                  | Orb.
     0 | D:1      | Reached XP level 1. HP: 13/13 MP: 6/6
   241 | D:1      | Reached XP level 2. HP: 19/19 MP: 1/7
   960 | D:1      | Reached XP level 3. HP: 25/25 MP: 6/9
  1302 | D:1      | Reached skill level 5 in Spellcasting
  2161 | D:2      | Reached skill level 1 in Invocations
  2244 | D:2      | Noticed Natasha
  2313 | D:2      | Found a faded altar of an unknown god.
  2447 | D:2      | Killed Natasha
  2448 | D:2      | Reached skill level 1 in Fighting
  2448 | D:2      | Reached skill level 1 in Short Blades
  2448 | D:2      | Reached skill level 1 in Long Blades
  2448 | D:2      | Reached skill level 1 in Axes
  2448 | D:2      | Reached skill level 1 in Maces & Flails
  2448 | D:2      | Reached skill level 1 in Polearms
  2448 | D:2      | Reached skill level 1 in Staves
  2448 | D:2      | Reached skill level 1 in Slings
  2448 | D:2      | Reached skill level 1 in Bows
  2448 | D:2      | Reached skill level 1 in Crossbows
  2448 | D:2      | Reached skill level 1 in Throwing
  2448 | D:2      | Reached skill level 1 in Armour
  2448 | D:2      | Reached skill level 1 in Shields
  2448 | D:2      | Reached skill level 1 in Unarmed Combat
  2448 | D:2      | Reached skill level 1 in Evocations
  2448 | D:2      | Reached XP level 4. HP: 26/32 MP: 6/11
  2903 | D:2      | Noticed Natasha
  2907 | D:2      | Killed Natasha
  2908 | D:2      | Reached skill level 1 in Hexes
  2908 | D:2      | Reached skill level 1 in Summonings
  2908 | D:2      | Reached skill level 1 in Necromancy
  2908 | D:2      | Reached skill level 1 in Translocations
  2908 | D:2      | Reached skill level 1 in Transmutations
  2908 | D:2      | Reached skill level 1 in Ice Magic
  2908 | D:2      | Reached skill level 1 in Air Magic
  2908 | D:2      | Reached skill level 1 in Earth Magic
  2908 | D:2      | Reached skill level 1 in Poison Magic
  2987 | D:2      | Reached XP level 5. HP: 37/37 MP: 1/12
  3338 | D:2      | Noticed Natasha
  3344 | D:2      | Killed Natasha
  3891 | D:3      | Found a glowing drain.
  3902 | Sewer    | Entered a sewer
  4009 | Sewer    | Noticed a water moccasin
  4023 | Sewer    | Killed a water moccasin
  4024 | Sewer    | Reached XP level 6. HP: 44/44 MP: 14/14
  4643 | D:3      | Reached skill level 5 in Dodging
  4969 | D:3      | Learned a level 2 spell: Scorch
  4973 | D:3      | Learned a level 3 spell: Conjure Flame
  4977 | D:3      | Learned a level 3 spell: Inner Flame
  5189 | D:4      | Found an iron altar of Okawaru.
  5511 | D:4      | Found an opulent altar of Gozag.
  5557 | D:4      | Noticed Duvessa
  5588 | D:4      | Became a worshipper of Gozag Ym Sagoz the Greedy
  5613 | D:5      | Entered Level 5 of the Dungeon
  5786 | D:5      | Noticed a water moccasin
  5792 | D:5      | Killed a water moccasin
  5793 | D:5      | Reached XP level 7. HP: 43/50 MP: 7/15
  5847 | D:5      | Found a runed translucent gate.
  5847 | D:5      | Found a runed translucent gate.
  5847 | D:5      | Found a runed translucent gate.
  5847 | D:5      | Noticed Scuddy's ghost (amateur DsFi)
  5953 | D:5      | Found a basalt altar of Yredelemnul.
  6413 | D:5      | Found a shadowy altar of Dithmenos.
  6822 | D:5      | Reached skill level 5 in Stealth
  6915 | D:5      | Found a broken altar of Ashenzari.
  7040 | D:5      | Found a runed translucent door.
  7041 | D:5      | Noticed Crazy Yiuf
  7212 | D:6      | Noticed Prince Ribbit
  7400 | D:6      | Reached XP level 8. HP: 57/57 MP: 8/16
  7669 | D:6      | Noticed Pikel
  7879 | D:6      | Identified the +2 robe "Poisow" {rN+ Int-3 Dex+2}
  7953 | D:6      | Killed Prince Ribbit
  8192 | D:6      | Noticed Maggie
  8243 | D:6      | Killed Maggie
  8257 | D:6      | Reached XP level 9. HP: 42/65 MP: 8/18
  8413 | D:6      | Killed Pikel
  9020 | D:4      | Noticed Dowan
  9164 | D:4      | Killed Duvessa
  9249 | D:4      | Killed Dowan
  9264 | D:4      | Noticed Sigmund
  9656 | D:7      | Reached skill level 5 in Invocations
 10579 | D:7      | Got the Disquisition on Displacement
 10910 | D:5      | Killed Crazy Yiuf
 11129 | D:5      | Killed Scuddy's ghost
 11130 | D:5      | Reached XP level 10. HP: 15/73 MP: 7/20
 11410 | D:5      | Learned a level 3 spell: Tukima's Dance
 11415 | D:5      | Learned a level 4 spell: Sticky Flame
 11614 | D:4      | Found Emogiont's Antique Weapon Boutique.
 11638 | D:4      | Killed Sigmund
 11779 | D:4      | Found a staircase to the Ecumenical Temple.
 11976 | D:4      | Reached skill level 5 in Fighting
 11976 | D:4      | Reached skill level 5 in Short Blades
 11976 | D:4      | Reached skill level 5 in Long Blades
 11976 | D:4      | Reached skill level 5 in Axes
 11976 | D:4      | Reached skill level 5 in Maces & Flails
 11976 | D:4      | Reached skill level 5 in Polearms
 11976 | D:4      | Reached skill level 5 in Staves
 11976 | D:4      | Reached skill level 5 in Slings
 11976 | D:4      | Reached skill level 5 in Bows
 11976 | D:4      | Reached skill level 5 in Crossbows
 11976 | D:4      | Reached skill level 5 in Throwing
 11976 | D:4      | Reached skill level 5 in Armour
 11976 | D:4      | Reached skill level 5 in Shields
 11976 | D:4      | Reached skill level 5 in Unarmed Combat
 11976 | D:4      | Reached skill level 5 in Evocations
 13176 | D:8      | Reached skill level 5 in Conjurations
 13567 | D:8      | Found a glowing golden altar of the Shining One.
 13756 | D:8      | Found Surel's Assorted Antiques.
 14345 | D:9      | Found a staircase to the Orcish Mines.
 14721 | D:9      | Found an ancient bone altar of Kikubaaqudgha.
 15111 | D:10     | Entered Level 10 of the Dungeon
 15232 | D:10     | Identified the +1 robe of Zomawiho {Harm Dex+4}
 15244 | D:10     | Noticed a two-headed ogre
 15258 | D:10     | Killed a two-headed ogre
 15481 | D:10     | Found a white marble altar of Elyvilon.
 15496 | D:10     | Paralysed by a hornet for 3 turns
 15501 | D:10     | HP: 2/76 [cloud of flame (21)]
 15501 | D:10     | Succumbed to a hornet's poison

Illustrated notes

Levels and vault maps discovered:
D:1:      enne_arrival_octagon_isle, layout_basic
D:2:      layout_loops_corners, nicolae_ecumenical_lake_church, uniq_natasha
D:3:      layout_basic, cheibrodos_sewer_entry_sluice, minmay_cupped
D:4:      layout_loops_ring, grunt_gozag_breadcrumbs,
          mainiacjoe_overflow_tiny_flanked, minmay_temple_entry_wispy,
          serial_shops, kennysheep_mini, uniq_duvessa, uniq_sigmund
D:5:      layout_layer_cave, mainiacjoe_overflow_catwalk,
          nicolae_yredelemnul_ghost_church, marbit_many_paths, grunt_decor_cap,
          uniq_crazy_yiuf_cottage
D:6:      layout_basic, uniq_prince_ribbit1, uniq_pikel, uniq_maggie
D:7:      layout_gridville, serial_bayou_pond_e
D:8:      layout_cave_pools, nicolae_tso_besieged_by_evil, serial_shops, shop
D:9:      layout_rooms, mainiacjoe_overflow_small_starburst, orc_0_dummy,
          corexii_hall_statues_t, nicolae_lava_and_water, corner_web_ring,
          chequers_serial_rivers_room_b
D:10:     layout_loops_cross, lemuel_crystal_altar, elyvilon_altar_5

Skill      XL: |  1  2  3  4  5  6  7  8  9 10 |
---------------+-------------------------------+-----
Conjurations   | 2 3 4 5 |  5.3
Spellcasting   | 5 6 7 |  7.7
Invocations    | 1 2 3 4 5 6 |  6.3
Fighting       | 1 2 3 4 5 |  5.8
Short Blades   | 1 2 3 4 5 |  5.8
Long Blades    | 1 2 3 4 5 |  5.8
Axes           | 1 2 3 4 5 |  5.8
Maces & Flails | 1 2 3 4 5 |  5.8
Polearms       | 1 2 3 4 5 |  5.8
Staves         | 1 2 3 4 5 |  5.8
Slings         | 1 2 3 4 5 |  5.8
Bows           | 1 2 3 4 5 |  5.8
Crossbows      | 1 2 3 4 5 |  5.8
Throwing       | 1 2 3 4 5 |  5.8
Armour         | 1 2 3 4 5 |  5.8
Shields        | 1 2 3 4 5 |  5.8
Unarmed Combat | 1 2 3 4 5 |  5.8
Evocations     | 1 2 3 4 5 |  5.8
Hexes          | 1 2 3 4 |  4.8
Summonings     | 1 2 3 4 |  4.8
Necromancy     | 1 2 3 4 |  4.8
Translocations | 1 2 3 4 |  4.8
Transmutations | 1 2 3 4 |  4.8
Ice Magic      | 1 2 3 4 |  4.8
Air Magic      | 1 2 3 4 |  4.8
Earth Magic    | 1 2 3 4 |  4.8
Poison Magic   | 1 2 3 4 |  4.8
Dodging        | 5 6 7 |  7.4
Stealth        | 5 6 7 |  7.2
Fire Magic     | 6 7 |  7.3

Action                   |  1- 3 |  4- 6 |  7- 9 | 10-12 || total
-------------------------+-------+-------+-------+-------++-------
Melee: Short sword       |     6 |    51 |    14 |       ||    71
       Bite              |     2 |     2 |     6 |     6 ||    16
       Glaive            |       |       |    29 |    65 ||    94
       Unarmed           |       |       |     1 |       ||     1
 Cast: Foxfire           |    99 |   119 |   242 |   203 ||   663
       Conjure Flame     |       |     1 |    12 |     2 ||    15
       Scorch            |       |     1 |     1 |     1 ||     3
       Inner Flame       |       |       |    11 |    14 ||    25
  Use: Scroll            |       |     3 |       |    11 ||    14
       Potion            |       |     1 |     3 |     2 ||     6
 Stab: Sleeping          |       |     6 |     3 |     1 ||    10
       Distracted        |       |       |       |     1 ||     1
Armor: Robe              |     5 |    24 |    11 |       ||    40
       Steam dragon scal |       |       |     9 |    26 ||    35
       Skin              |       |       |     3 |       ||     3
Dodge: Dodged            |    12 |    50 |    76 |    79 ||   217
